 Dungeon Crawl Stone Soup version 0.25.1-8-g42b30a86e7 (webtiles) character file.

Game seed: 9631284867396993548

240 gruber the Slasher (level 5, -2/61 HPs)
             Began as a Demonspawn Berserker on Dec 13, 2020.
             Was a Believer of Trog.
             Slain by Maggie
             ... wielding a +0 halberd
              (16 damage)
             ... on level 7 of the Dungeon.
             The game lasted 00:02:59 (3980 turns).

gruber the Slasher (Demonspawn Berserker)           Turns: 3980, Time: 00:03:01

Health: -2/61      AC:  7    Str: 14    XL:     5   Next: 79%
Magic:  5/5        EV: 12    Int:  8    God:    Trog [**....]
Gold:   139        SH:  0    Dex: 13    Spells: 4/4 levels left

rFire    . . .     SeeInvis .   a - +0 falchion
rCold    . . .     Gourm    .   (no shield)
rNeg     + . .     Faith    .   h - +0 leather armour (curse)
rPois    .         Spirit   .   d - +0 helmet
rElec    .         Reflect  .   (no cloak)
rCorr    .         Harm     .   k - +0 pair of gloves
MR       ++...                  (no boots)
Stlth    ..........             (no amulet)
HPRegen  2.20/turn              e - ring of positive energy
MPRegen  0.09/turn              i - -4 ring of strength (curse)

@: berserking, lethally poisoned (-2 -> -2), regenerating, very quick
A: talons 1, slimy green scales 1, powered by death 1
a: Berserk, Trog's Hand, Renounce Religion


You were on level 7 of the Dungeon.
You worshipped Trog.
Trog was pleased with you.
You were very hungry.

You visited 1 branch of the dungeon, and saw 5 of its levels.

You collected 139 gold pieces.

Inventory:

Hand Weapons
 a - a +0 falchion (weapon)
Armour
 b - a +0 animal skin
 d - a +0 helmet (worn)
 h - a cursed +0 leather armour (worn)
 k - a +0 pair of gloves (worn)
Jewellery
 e - a ring of positive energy (left hand)
 i - a cursed -4 ring of strength (right hand)
Scrolls
 f - a scroll of teleportation
 g - a scroll of identify
 n - 2 scrolls of remove curse {unknown}
 o - a scroll of amnesia {unknown}
Potions
 j - a potion of haste {unknown}
 m - 2 potions of curing {unknown}
Comestibles
 c - 7 rations
 l - 2 chunks of flesh


   Skills:
 - Level 3.0 Fighting
 + Level 6.0 Long Blades
 - Level 1.7 Armour
 - Level 1.7 Dodging


You had 4 spell levels left.
You didn't know any spells.
Your spell library was empty.

Dungeon Overview and Level Annotations

Branches:
Dungeon (4/15)
 Temple: D:4-7

Altars:

Annotations:
D:7 Maggie


Innate Abilities, Weirdness & Mutations

You have sharp toenails.
You are partially covered in slimy green scales. (AC +2)
You regenerate a little health from kills.


Message History

Maggie mumbles some strange words.
You are too injured to fight recklessly!
Unknown command.
You are too injured to fight recklessly!
Unknown command.
You are too injured to fight recklessly!
Unknown command.
You are too injured to fight recklessly!
Unknown command.
You miss the killer bee. Your kick misses the killer bee.
You feel sick.
The centaur shoots an arrow.
The arrow hits you.
* * * LOW HITPOINT WARNING * * *
The killer bee barely misses you. The killer bee closely misses you.
You barely miss the killer bee. You claw the killer bee!
The killer bee is severely wounded.
You feel sick. The killer bee barely misses you.
The killer bee stings you but does no damage.
The centaur shoots an arrow.
The arrow completely misses you.
Maggie hits you from afar with a +0 halberd!
You die...

## #..... ..
......
#.#####......
##.....#......
.#.............
..>...(........
...........c...
.......@.@.....
#...(..yy......
#..............
##.............
........#.....#
###############


You could see Maggie (strong), a centaur and 2 killer bees.

Vanquished Creatures
  2 killer bees (D:7)
  2 worker ants
  2 adders
  3 worms
  3 dart slugs
  2 leopard geckos
  An orc (D:3)
  3 giant cockroaches
  2 goblins
  11 hobgoblins
  8 jackals
  A ball python (D:7)
  6 bats
  5 kobolds
  16 rats
67 creatures vanquished.

Notes
Turn   | Place    | Note
-------+----------+-------------------------------------------
     0 | D:1      | gruber the Demonspawn Berserker began the quest for the
                  | Orb.
     0 | D:1      | Reached XP level 1. HP: 18/18 MP: 1/1
   236 | D:1      | Reached skill level 3 in Long Blades
   600 | D:1      | Gained mutation: You regenerate a little health from kills.
                  | [demonic ancestry]
   600 | D:1      | Reached XP level 2. HP: 19/24 MP: 2/2
  1338 | D:2      | HP: 1/24 [jackal (2)]
  1343 | D:2      | HP: 1/24 [jackal (2)]
  1640 | D:2      | Found a faded altar of an unknown god.
  1661 | D:2      | Gained mutation: You are partially covered in slimy green
                  | scales. (AC +2) [demonic ancestry]
  1661 | D:2      | Reached XP level 3. HP: 4/29 MP: 3/3
  1889 | D:2      | Reached skill level 4 in Long Blades
  2577 | D:3      | Gained mutation: You have sharp toenails. [demonic
                  | ancestry]
  2577 | D:3      | Reached XP level 4. HP: 9/35 MP: 4/4
  3413 | D:3      | Reached ** piety under Trog
  3595 | D:3      | Reached skill level 5 in Long Blades
  3746 | D:4      | Reached XP level 5. HP: 33/41 MP: 5/5
  3970 | D:4      | You fall into a shaft and drop 3 floors!
  3970 | D:7      | Noticed Maggie
  3972 | D:7      | Noticed a centaur
  3977 | D:7      | Reached skill level 6 in Long Blades
  3980 | D:7      | Slain by Maggie

Illustrated notes

Levels and vault maps discovered:
D:1:      minmay_arrival_cross, layout_loops_corners
D:2:      layout_rooms, chequers_ecumenical_altar_simple_redux, first_ration,
          minmay_rat_gold_closets
D:3:      layout_loops_ring, minmay_misc_feat_chi, corexii_hall_statues_l,
          kennysheep_generic_room_14
D:4:      minmay_evil_eye, layout_cave_pools, uniq_ijyb, uniq_edmund
D:7:      layout_rooms, minmay_temple_entry_glassed_door,
          kennysheep_flooded_box, kennysheep_small_spiral, uniq_maggie

Skill      XL: |  1  2  3  4  5 |
---------------+----------------+-----
Long Blades    | 3 4 5 6 |  6.0
Fighting       | |  3.0
Armour         | |  1.7
Dodging        | |  1.7

Action                   |  1- 3 |  4- 6 || total
-------------------------+-------+-------++-------
Melee: Falchion          |   144 |    84 ||   228
       Kick              |       |    16 ||    16
Invok: Berserk           |       |     1 ||     1
       Trog's Hand       |       |     1 ||     1
  Use: Scroll            |     3 |       ||     3
 Stab: Sleeping          |     3 |       ||     3
  Eat: Chunk             |     5 |     5 ||    10
Armor: Animal skin       |    32 |     4 ||    36
       Leather armour    |       |    25 ||    25
Dodge: Dodged            |   102 |    64 ||   166
       Rpst.: Falchion   |    28 |    19 ||    47
